 Dungeon Crawl Stone Soup version 0.23.2-30-g0e89c35 (webtiles) character file.

Game seed: 17416146322461923603

2327 Fang the Skirmisher (level 9, -5/57 HPs)
             Began as a Gargoyle Berserker on June 7, 2019.
             Was an Elder of Trog.
             Slain by an ogre
             ... wielding a +0 giant club
              (10 damage)
             ... on level 7 of the Dungeon.
             The game lasted 00:08:11 (6069 turns).

Fang the Skirmisher (Gargoyle Berserker)            Turns: 6069, Time: 00:08:11

Health: -5/57      AC: 16    Str: 24    XL:     9   Next: 42%
Magic:  9/9        EV: 10    Int:  8    God:    Trog [****..]
Gold:   255        SH:  0    Dex:  9    Spells: 8/8 levels left

rFire    . . .     SeeInvis .   D - +1 broad axe (flame)
rCold    . . .     Gourm    .   (no shield)
rNeg     + . .     Faith    .   b - +0 chain mail
rPois    ∞         Spirit   .   (no helmet)
rElec    +         Reflect  .   (no cloak)
rCorr    .         Harm     .   (no gloves)
MR       ++...                  (no boots)
Stlth    ..........             B - amulet of regeneration
HPRegen  1.59/turn              (no ring)
MPRegen  0.11/turn              (no ring)

@: berserk cooldown, regenerating, slowed, very slow
A: negative energy resistance 1, electricity resistance, unbreathing,
petrification resistance, rot immunity, AC +6
a: Berserk, Trog's Hand, Brothers in Arms, Renounce Religion


You were on level 7 of the Dungeon.
You worshipped Trog.
Trog was greatly pleased with you.
You were very hungry.

You visited 1 branch of the dungeon, and saw 7 of its levels.

You collected 255 gold pieces.

Inventory:

Hand Weapons
 a - a +0 war axe
 o - a +1 war axe of chopping
 D - a +1 broad axe of flaming (weapon)
Armour
 b - a +0 chain mail (worn)
Jewellery
 B - an amulet of regeneration (around neck)
Wands
 q - a wand of flame (19)
 z - a wand of digging (8)
Scrolls
 d - 3 scrolls of magic mapping {unknown}
 e - 4 scrolls of remove curse
 h - 2 scrolls of blinking {unknown}
 j - a scroll of random uselessness {unknown}
 m - 4 scrolls of identify {unknown}
 u - 4 scrolls of enchant armour {unknown}
 w - a scroll of fear {unknown}
 y - a scroll of enchant weapon {unknown}
 E - a scroll of immolation {unknown}
Potions
 f - a potion of resistance {unknown}
 g - a potion of curing {unknown}
 i - 2 potions of lignification {unknown}
 k - a potion of magic {unknown}
 l - a potion of ambrosia {unknown}
 n - a potion of berserk rage {unknown}
 p - 2 potions of might {unknown}
 r - 2 potions of flight {unknown}
 s - 3 potions of degeneration {unknown}
 t - 2 potions of heal wounds {unknown}
 v - a potion of brilliance {unknown}
 x - a potion of mutation {unknown}
 A - a potion of agility {unknown}
Comestibles
 c - 12 rations


   Skills:
 + Level 7.4 Fighting
 + Level 6.2 Axes
 + Level 7.0 Armour
 + Level 5.4 Dodging


You had 8 spell levels left.
You didn't know any spells.
Your spell library was empty.

Dungeon Overview and Level Annotations

Branches:
Dungeon (7/15)
 Temple: D:4-7

Altars:
Gozag
Qazlal
Wu Jian


Innate Abilities, Weirdness & Mutations

You are resistant to torment.
Your stone body is resilient. (AC +6)
You are immune to poison.
You resist negative energy. (rN+)
You are resistant to electric shocks. (rElec)
You can survive without breathing.
You are immune to petrification.
You are immune to rotting.


Message History

You kill the orc!
Trog accepts your kill.
Your chain mail prevents you from hitting the orc.
The orc closely misses you. x2
You barely miss the orc. The orc barely misses you.
You barely miss the orc. You hit the ogre. You burn the ogre.
The orc hits you but does no damage. The ogre hits you with a +0 giant club!
* * * LOW HITPOINT WARNING * * *
The orc closely misses you. The orc misses you.
The ogre hits you with a +0 giant club!
* * * LOW HITPOINT WARNING * * *
Your skin crawls.
You feel resistant to hostile enchantments.
You are feeling very hungry.
The orc closely misses you. The ogre barely misses you.
The orc hits you but does no damage. The ogre hits you with a +0 giant club!
* * * LOW HITPOINT WARNING * * *
The orc misses you. The ogre hits you with a +0 giant club!
You die...

#.# #####.#####
#.........#
#.........#
#...))....#
#..)......#
#####.........#
....'..oO.....#
####..@......#
#.........#
#........%#
#.........#
###########


You could see an ogre and an orc.

Vanquished Creatures
  Sigmund (D:5)
  4 orc warriors
  An ice beast (D:6)
  A phantom (D:6)
  3 ogres
  2 bullfrogs (D:6)
  2 scorpions
  A water moccasin skeleton (D:3)
  5 killer bees (D:6)
  2 crimson imps
  3 hounds
  3 orc priests
  A jelly (D:7)
  4 orc wizards
  Crazy Yiuf (D:3)
  6 worker ants
  2 worker ant zombies
  8 gnolls
  8 adders
  2 shadow imps
  2 oozes
  2 adder zombies (D:5)
  4 worms
  2 dart slugs
  18 orcs
  A ball python (D:6)
  4 giant cockroaches
  6 goblins
  5 hobgoblins
  3 jackals (D:3)
  7 kobolds
  5 quokkas
  8 bats
  7 frilled lizards
  A giant cockroach zombie (D:5)
  A leopard gecko skeleton (D:4)
  A leopard gecko zombie (D:5)
  2 quokka skeletons (D:4)
  11 rats
150 creatures vanquished.

Notes
Turn   | Place    | Note
-------+----------+-------------------------------------------
     0 | D:1      | Fang the Gargoyle Berserker began the quest for the Orb.
     0 | D:1      | Reached XP level 1. HP: 14/14 MP: 1/1
   155 | D:1      | Reached XP level 2. HP: 19/19 MP: 2/2
   389 | D:1      | Reached XP level 3. HP: 22/23 MP: 3/3
   827 | D:2      | Reached ** piety under Trog
  1179 | D:2      | Reached XP level 4. HP: 28/29 MP: 4/4
  1692 | D:3      | Reached XP level 5. HP: 29/33 MP: 5/5
  2186 | D:3      | HP: 2/51 [gnoll/+1 war axe of chopping (1)]
  2519 | D:3      | Reached XP level 6. HP: 31/39 MP: 6/6
  2865 | D:3      | Found a runed translucent door.
  2866 | D:3      | Noticed Crazy Yiuf
  3030 | D:3      | Killed Crazy Yiuf
  3442 | D:4      | Reached skill level 5 in Fighting
  3497 | D:4      | Reached *** piety under Trog
  3526 | D:4      | Reached XP level 7. HP: 33/44 MP: 7/7
  4139 | D:5      | Entered Level 5 of the Dungeon
  4149 | D:5      | Noticed Sigmund
  4160 | D:5      | Killed Sigmund
  4165 | D:5      | Reached skill level 5 in Armour
  4453 | D:5      | Found an opulent altar of Gozag.
  4738 | D:5      | Reached XP level 8. HP: 48/51 MP: 8/8
  5201 | D:5      | Found an ornate altar of the Wu Jian Council.
  5261 | D:6      | Reached skill level 5 in Axes
  5295 | D:6      | Reached **** piety under Trog
  5551 | D:6      | Reached XP level 9. HP: 34/56 MP: 9/9
  5555 | D:6      | Reached skill level 5 in Dodging
  5777 | D:6      | Found a stormy altar of Qazlal.
  6068 | D:7      | HP: 2/57 [ogre/+0 giant club (8)]
  6069 | D:7      | Slain by an ogre

Skill      XL: |  1  2  3  4  5  6  7  8  9 |
---------------+----------------------------+-----
Axes           | 3 4 5 6 |  6.2
Dodging        | 2 3 4 5 |  5.4
Armour         | 3 4 5 6 7 |  7.0
Fighting       | 4 5 6 7 |  7.4

Action                   |  1- 3 |  4- 6 |  7- 9 || total
-------------------------+-------+-------+-------++-------
Melee: Hand axe          |   114 |   122 |       ||   236
       War axe           |       |    58 |   193 ||   251
       Broad axe         |       |       |    52 ||    52
Invok: Berserk           |     1 |     3 |     6 ||    10
       Trog's Hand       |       |       |     1 ||     1
  Use: Scroll            |     1 |       |       ||     1
 Stab: Sleeping          |       |     1 |       ||     1
  Eat: Chunk             |     2 |    11 |    13 ||    26
Armor: Animal skin       |    51 |    48 |       ||    99
       Chain mail        |       |    12 |   167 ||   179
Dodge: Dodged            |    86 |   111 |   164 ||   361
